 Dungeon Crawl Stone Soup version 0.17-a0-477-g451446c (webtiles) character file.

144 Ladykiller69 the Shield-Bearer (level 5, -1/42 HPs)
             Began as a Formicid Fighter on Apr 7, 2015.
             Slain by an ogre
             ... wielding a +0 giant club
              (27 damage)
             ... on level 4 of the Dungeon.
             The game lasted 00:06:28 (2618 turns).

Ladykiller69 the Shield-Bearer (Formicid Fighter)   Turns: 2618, Time: 00:06:28

Health: -1/42      AC: 14    Str: 21    XL:     5   Next: 51%
Magic:  5/5        EV:  4    Int:  8    God:
Gold:   230        SH:  9    Dex: 10    Spells: 0 memorised, 4 levels left

rFire  . . .     SeeInvis +     a - +0 war axe
rCold  . . .     Clarity  .     w - +0 plate armour
rNeg   . . .     SustAb   .     c - +0 shield
rPois  .         Gourm    .     (helmet unavailable)
rElec  .         Spirit   .     x - +2 cloak
rCorr  .         Warding  .     (no gloves)
rMut   .         Stasis   +     (no boots)
MR     .....                    (no amulet)
Stlth  ..........               (no ring)
                                (no ring)

@: not resistant to hostile enchantments, extremely unstealthy
A: permanent stasis, dig shafts and tunnels, four strong arms, antennae 3
a: Dig, Shaft Self


You were on level 4 of the Dungeon.
You were not hungry.

You visited 1 branch of the dungeon, and saw 4 of its levels.

You collected 230 gold pieces.

Inventory:

Hand weapons
 a - a +0 war axe (weapon)
Armour
 b - a +0 scale mail
 c - a +0 shield (worn)
 w - a +0 plate armour (worn)
 x - a +2 cloak (worn)
Jewellery
 u - an uncursed ring of teleport control {unknown}
Scrolls
 g - a scroll of blinking {unknown}
 h - 4 scrolls of remove curse {unknown}
 j - 4 scrolls of identify {unknown}
 l - a scroll of magic mapping {unknown}
 m - 2 scrolls of fear {unknown}
 o - a scroll of immolation {unknown}
 p - 2 scrolls of teleportation {unknown}
 s - a scroll of enchant armour {unknown}
 t - a scroll of amnesia {unknown}
 v - a scroll of random uselessness {unknown}
 y - 2 scrolls of recharging {unknown}
Potions
 e - a potion of might
 n - a potion of degeneration {unknown}
 q - 2 potions of agility {unknown}
Comestibles
 d - 6 bread rations
 f - a slice of pizza
 i - 3 fruits
 k - 2 beef jerkies
 r - a chunk of flesh


   Skills:
 - Level 4.0 Fighting
 * Level 3.6 Axes
 - Level 4.0 Armour
 + Level 4.6 Shields


You had 4 spell levels left.
You didn't know any spells.

Dungeon Overview and Level Annotations

Branches:
Dungeon (4/15)
 Temple: D:4-7

Altars:
Fedhas
Nemelex Xobeh
Okawaru
Trog
Xom


Innate Abilities, Weirdness & Mutations

You are under a permanent stasis effect.
You can dig through walls and to a lower floor.
Your four strong arms can wield two-handed weapons with a shield.
You have a pair of large antennae on your head (SInv).


Message History

Found 16 gold pieces.
You now have 219 gold pieces (gained 16).
There is a bloodstained altar of Trog here.
Things that are here:
a dagger; an animal skin
There is a stone staircase leading down here.
You now have 230 gold pieces (gained 11).
Some of the chunks of flesh in your inventory have rotted away.
You sense a monster nearby.
An ogre comes into view. It is wielding a giant club.
The ogre shouts!
Found a quarterstaff and a scroll labeled FOTAEKUE RIODE.
Your plate armour prevents you from hitting the ogre.
The ogre hits you with a giant club!
You barely miss the ogre. The ogre hits you with a giant club!
You hit the ogre.
The ogre is lightly wounded.
The ogre hits you with a giant club!!
Ouch! That really hurt!
You die...

.#.......## #.# #.#### ## ##
.#..###### #.# #....####..#.
.......#### #.# #..#......#.#
.#........####.#
####.#..#####.
.#.............# #....#....# .
##.##.##.###### #.#######.#
#.##.##.#########....#....#
#.##.##........#####.#.####$#{
#.#########@# #.#.# #.# #.#
#O# #...# #.# #.# #)# ##..#
#.# #.# #.# #>.# ##.##. #.#
#?# #..###...#. #.#
#..##...... #.# #...†......
#.# ##.##..<... ..# #.###...#.


You could see an ogre.

Vanquished Creatures
  A worker ant (D:4)
  Natasha (D:2)
  2 adders (D:3)
  A white imp (D:2)
  2 worms
  3 giant geckos
  3 orcs
  3 giant cockroaches
  7 hobgoblins
  6 kobolds
  4 quokkas
  A ball python (D:1)
  6 bats
  5 giant newts
  5 goblins
  9 rats
59 creatures vanquished.

Notes
Turn   | Place    | Note
--------------------------------------------------------------
     0 | D:1      | Ladykiller69, the Formicid Fighter, began the quest for the Orb.
     0 | D:1      | Reached XP level 1. HP: 18/18 MP: 1/1
    62 | D:1      | Found an iron altar of Okawaru.
   297 | D:1      | Reached XP level 2. HP: 24/24 MP: 2/2
   479 | D:1      | Reached skill level 4 in Shields
   558 | D:2      | Reached XP level 3. HP: 22/29 MP: 3/3
  1149 | D:2      | Noticed Natasha
  1161 | D:2      | Killed Natasha
  1161 | D:2      | Reached XP level 4. HP: 11/36 MP: 4/4
  1455 | D:2      | Found a blossoming altar of Fedhas.
  1490 | D:3      | Found a sparkling altar of Nemelex Xobeh.
  1897 | D:3      | Reached XP level 5. HP: 34/42 MP: 5/5
  2239 | D:4      | Found a shimmering altar of Xom.
  2262 | D:4      | Found a bloodstained altar of Trog.
  2266 | D:4      | Noticed an ogre
  2614 | D:4      | Noticed an ogre
  2618 | D:4      | Slain by an ogre

Action                   |  1- 3 |  4- 6 || total
-------------------------+-------+-------++-------
Melee: War axe           |    73 |   141 ||   214
 Abil: Dig               |       |     1 ||     1
  Eat: Chunk             |       |     6 ||     6
